 Dungeon Crawl Stone Soup version 0.28.0-53-g5a82cb258f (webtiles) character file.

Game seed: 612866061401936850

12593 jjjjhere the Severer (level 11, -3/99 HPs)
             Began as a Minotaur Fighter on Aug 20, 2022.
             Was an Elder of Trog.
             Slain by an eight-headed hydra (6 damage)
             ... while petrified by a basilisk
             ... on level 2 of the Lair of Beasts.
             The game lasted 00:12:34 (9375 turns).

jjjjhere the Severer (Minotaur Fighter)             Turns: 9375, Time: 00:12:34

Health: -3/99      AC: 14    Str: 22    XL:     11   Next: 64%
Magic:  10/10      EV:  2    Int:  5    God:    Trog [****..]
Gold:   495        SH:  0    Dex: 19    Spells: 10/10 levels left

rFire   + . .      SeeInvis .   a - +0 war axe
rCold   . . .      Faith    .   b - +0 kite shield
rNeg    + + +      Spirit   .   w - +0 plate armour
rPois   ∞          Reflect  .   (helmet restricted)
rElec   .          Harm     .   o - +0 cloak
rCorr   .          Rampage  .   (no gloves)
Will    .....                   q - +0 pair of boots
Stlth   ..........              h - amulet of regeneration
HPRegen 1.06/turn               v - ring of protection from fire
MPRegen 0.12/turn               B - +6 ring of dexterity

@: lethally poisoned (-3 -> -3), petrified
A: horns 2, retaliatory headbutt
a: Renounce Religion, Berserk, Trog's Hand, Brothers in Arms


You were on level 2 of the Lair of Beasts.
You worshipped Trog.
Trog was greatly pleased with you.
You visited 2 branches of the dungeon, and saw 10 of its levels.

You collected 495 gold pieces.

Inventory:

Hand Weapons
 a - a +0 war axe (weapon)
 F - a +2 flail of protection
Missiles
 D - 12 poisoned darts
 E - 2 throwing nets
 H - 5 curare-tipped darts (quivered)
Armour
 b - a +0 kite shield (worn)
 c - a +0 buckler
 o - a +0 cloak (worn)
 q - a +0 pair of boots (worn)
 u - a scarf of invisibility
 w - a +0 plate armour (worn)
Jewellery
 h - an amulet of regeneration (around neck)
 v - a ring of protection from fire (left hand)
 B - a +6 ring of dexterity (right hand)
Wands
 m - a wand of flame (23)
 y - a wand of mindburst (8)
 G - a wand of digging (3)
Scrolls
 e - 2 scrolls of teleportation
 i - 2 scrolls of blinking {unknown}
 j - a scroll of magic mapping
 k - 5 scrolls of fear
 p - 2 scrolls of summoning
 x - a scroll of amnesia {unknown}
 A - a scroll of holy word {unknown}
 C - a scroll of enchant armour {unknown}
Potions
 d - 3 potions of might
 f - 3 potions of heal wounds
 g - 3 potions of cancellation
 l - a potion of ambrosia
 n - 3 potions of lignification
 r - a potion of attraction
 s - a potion of invisibility
 t - 2 potions of curing
 z - a potion of mutation


   Skills:
 - Level 10.0 Fighting
 * Level 15.3 Axes
 + Level 4.8 Armour
 + Level 2.5 Dodging
 * Level 13.2 Shields


You had 10 spell levels left.
You didn't know any spells.
Your spell library was empty.

Dungeon Overview and Level Annotations

Branches:
Dungeon (8/15)             Temple (0/1) D:7            Lair (2/6) D:8
  Swamp: Lair:2-4    Shoals: Lair:2-4     Snake: Lair:2-4    Spider: Lair:2-4

Altars:
Elyvilon
Trog
The Shining One

Shops:
D:5 =   D:6 :   D:7 !

Portals:
Abyss: D:3

Annotations:
D:3 2 transporters, azobrab's ghost, amateur DjFE
D:6 2 runed translucent doors, exclusion: downstairs, Eryximachus's ghost, novice OpTm
Lair:2 Fannar


Innate Abilities, Weirdness & Mutations

You have a pair of horns on your head.
You reflexively headbutt those who attack you in melee.


Message History

The eight-headed hydra bites you.
The eight-headed hydra bites you. x2; The eight-headed hydra bites you!
The eight-headed hydra bites you but does no damage.
The eight-headed hydra bites you! x2
The eight-headed hydra bites you but does no damage. x2
The water moccasin bites you.
The eight-headed hydra barely misses you.
The eight-headed hydra bites you!
* * * LOW HITPOINT WARNING * * *
The eight-headed hydra bites you.
* * * LOW HITPOINT WARNING * * *
The eight-headed hydra bites you.
* * * LOW HITPOINT WARNING * * *
The eight-headed hydra bites you!
* * * LOW HITPOINT WARNING * * *
The eight-headed hydra bites you.
* * * LOW HITPOINT WARNING * * *
The eight-headed hydra bites you but does no damage.
The eight-headed hydra bites you.
* * * LOW HITPOINT WARNING * * *
The water moccasin bites you but does no damage.
The water moccasin bites you.
* * * LOW HITPOINT WARNING * * *
The eight-headed hydra bites you but does no damage.
The eight-headed hydra bites you.
* * * LOW HITPOINT WARNING * * *
The eight-headed hydra barely misses you.
The eight-headed hydra bites you. x2
* * * LOW HITPOINT WARNING * * *
The eight-headed hydra bites you but does no damage.
The eight-headed hydra bites you.
* * * LOW HITPOINT WARNING * * *
The eight-headed hydra bites you but does no damage.
The water moccasin bites you.
* * * LOW HITPOINT WARNING * * *
The eight-headed hydra bites you!
* * * LOW HITPOINT WARNING * * *
The eight-headed hydra barely misses you.
The eight-headed hydra bites you!
You die...

.. #...P. .. #.....
....P#...P.. . .#.....
#.....#...P...
.......#...#.#......
#.....#......#.#..#.....#
.........................
........≈.................
....≈≈≈≈≈≈≈...............
.......≈≈≈≈≈≈≈≈†@D..........
......≈≈≈≈≈≈≈≈≈≈.S........##
....#.≈≈≈.≈≈≈≈≈.#.#..##....#
...P.≈≈≈≈≈<.≈≈≈≈..#..##...#
......≈≈≈≈.≈≈≈≈......##...#
.....≈≈≈≈≈≈≈≈≈≈......##...#
.......≈≈≈≈≈≈≈≈...........## ..
.......≈≈≈l≈≈≈.P..#P#.#....##.#
...#.......≈...P.P#####.......#


You could see an eight-headed hydra, a basilisk and a water moccasin.

Vanquished Creatures
  Harold (D:8)
  A two-headed ogre (D:8)
  Nergalle (Lair:1)
  Pikel (D:7)
  3 black mambas
  3 elephants (Lair:2)
  Maggie (D:7)
  A rime drake (Lair:2)
  3 cane toads (Lair:2)
  13 yaks
  4 wyverns
  A basilisk (Lair:1)
  An acid dragon (D:8)
  3 wargs (D:8)
  3 water moccasins
  6 orc warriors
  2 sky beasts
  A black bear (D:4)
  2 necrophages
  4 ogres
  A centaur (D:5)
  3 lemures
  A phantom (D:4)
  A kobold brigand (D:8)
  6 bullfrogs
  A gnoll sergeant (D:5)
  2 scorpions
  A water moccasin skeleton (D:4)
  15 wights
  3 howler monkeys
  3 jellies
  3 hounds
  A centaur skeleton (D:7)
  7 orc priests
  A bullfrog skeleton (D:6)
  2 iguanas
  5 orc wizards
  A hound zombie (D:5)
  A howler monkey zombie (D:8)
  5 gnolls
  A howler monkey skeleton (D:6)
  4 adders
  2 white imps (D:4)
  An ufetubus (D:7)
  An adder skeleton (D:4)
  4 worms
  2 dart slugs (D:4)
  24 orcs
  10 ball pythons
  7 endoplasms
  3 giant cockroaches
  8 hobgoblins
  4 jackals (D:2)
  3 quokkas
  5 bats
  3 frilled lizards
  8 goblins
  11 kobolds
  8 rats
227 creatures vanquished.

Vanquished Creatures (others)
  An orc wizard (D:4)
  A bush (Lair:2)
  12 fungi
  9 plants (Lair:2)
23 creatures vanquished.

Grand Total: 250 creatures vanquished

Notes
Turn   | Place    | Note
-------+----------+-------------------------------------------
     0 | D:1      | jjjjhere the Minotaur Fighter began the quest for the Orb.
     0 | D:1      | Reached XP level 1. HP: 19/19 MP: 0/0
   242 | D:1      | Reached XP level 2. HP: 27/27 MP: 1/1
   538 | D:1      | Found a faded altar of an unknown god.
   548 | D:1      | Prayed at the altar of an unknown god.
   548 | D:1      | Became a worshipper of Trog the Wrathful
   548 | D:1      | Reached * piety under Trog
   776 | D:1      | Reached skill level 3 in Axes
  1081 | D:2      | Reached XP level 3. HP: 29/33 MP: 2/2
  1175 | D:2      | Reached skill level 4 in Axes
  1175 | D:2      | Reached XP level 4. HP: 40/40 MP: 3/3
  1635 | D:2      | Reached ** piety under Trog
  1994 | D:3      | Reached skill level 5 in Axes
  1994 | D:3      | Reached XP level 5. HP: 20/47 MP: 4/4
  2080 | D:3      | Found a one-way gate to the infinite horrors of the Abyss.
  2080 | D:3      | Noticed azobrab's ghost (amateur DjFE)
  2088 | D:3      | Noticed a small abomination
  2104 | D:3      | Found a transporter.
  2110 | D:3      | Found a transporter.
  2519 | D:4      | Reached skill level 6 in Axes
  2556 | D:4      | Identified the +0 chain mail of the Depths {-Tele *Corrode
                  | rN+++ Slay+4}
  2617 | D:4      | Noticed a necrophage
  2628 | D:4      | Killed a necrophage
  2629 | D:4      | Reached XP level 6. HP: 42/53 MP: 5/5
  2666 | D:4      | Reached skill level 7 in Axes
  2822 | D:4      | Reached skill level 5 in Fighting
  2834 | D:4      | Reached XP level 7. HP: 61/61 MP: 6/6
  2967 | D:4      | Reached skill level 8 in Axes
  3002 | D:4      | Reached *** piety under Trog
  3516 | D:5      | Entered Level 5 of the Dungeon
  3559 | D:4      | Reached skill level 9 in Axes
  3843 | D:5      | Reached skill level 5 in Shields
  4203 | D:5      | Reached XP level 8. HP: 70/70 MP: 7/7
  4416 | D:5      | Reached skill level 10 in Axes
  4497 | D:5      | Found Morghih's Jewellery Boutique.
  5075 | D:6      | Found a large runed translucent door.
  5075 | D:6      | Found a large runed translucent door.
  5081 | D:6      | Noticed Eryximachus's ghost (novice OpTm)
  5251 | D:6      | Found Heejoer's Book Shoppe.
  5467 | D:6      | Reached skill level 11 in Axes
  5636 | D:6      | Found a white marble altar of Elyvilon.
  6004 | D:7      | Reached XP level 9. HP: 45/78 MP: 8/8
  6177 | D:7      | Found a staircase to the Ecumenical Temple.
  6435 | D:7      | Reached skill level 12 in Axes
  6479 | D:7      | Noticed Maggie
  6487 | D:7      | Killed Maggie
  6528 | D:7      | Found Qunaicymed's Distillery.
  7004 | D:8      | Noticed a two-headed ogre
  7034 | D:8      | Killed a two-headed ogre
  7035 | D:8      | Reached skill level 10 in Shields
  7035 | D:8      | Reached XP level 10. HP: 90/90 MP: 9/9
  7165 | D:8      | Reached skill level 13 in Axes
  7171 | D:8      | Reached **** piety under Trog
  7285 | D:8      | Noticed Harold
  7286 | D:8      | Noticed Pikel
  7372 | D:7      | Killed Pikel
  7584 | D:8      | Killed Harold
  7661 | D:8      | Reached skill level 14 in Axes
  7668 | D:8      | Found a staircase to the Lair.
  7971 | Lair:1   | Entered Level 1 of the Lair of Beasts
  7991 | Lair:1   | Noticed Nergalle
  8001 | Lair:1   | Killed Nergalle
  8002 | Lair:1   | Reached XP level 11. HP: 86/97 MP: 10/10
  8193 | Lair:1   | Found a glowing golden altar of the Shining One.
  8278 | Lair:1   | Identified the +2 falchion "Pedeudi" {freeze, Fly rPois
                  | Int-4}
  8343 | Lair:1   | Reached skill level 10 in Fighting
  8820 | Lair:2   | Noticed Fannar
  9006 | Lair:2   | Reached skill level 1 in Dodging
  9211 | Lair:2   | Reached skill level 15 in Axes
  9236 | Lair:2   | HP: 31/99 [elephant (14)]
  9362 | Lair:2   | Noticed an eight-headed hydra
  9373 | Lair:2   | HP: 28/99 [eight-headed hydra (5)]
  9374 | Lair:2   | HP: 11/99 [eight-headed hydra (3)]
  9375 | Lair:2   | HP: 3/99 [eight-headed hydra (6)]
  9375 | Lair:2   | Slain by an eight-headed hydra

Illustrated notes

Levels and vault maps discovered:
D:1:      erik_arrival_cave_to_civilisation [erik_arrival_cave_to_hall],
          layout_loops_corners, shapermc_ecumenical_altar_acropolis
D:2:      layout_basic
D:3:      minmay_evil_eye, layout_loops_ring, gammafunk_ghost_abyssal_escape
D:4:      minmay_octagon_keep, layout_gridville, hangedman_decor_points,
          minmay_circle_x
D:5:      layout_layer_cave, minmay_shop_enchanted_jewellery, sword_in_stone
D:6:      layout_loops_ring, elyvilon_altar_1, serial_shops,
          nicolae_stop_n_shop_1, ebering_ghost_disaster_area
D:7:      layout_rooms, minmay_temple_entry_butterflies, serial_shops, shop,
          nicolae_fountain_basement, uniq_maggie
D:8:      layout_cave_pools, erik_lair_orcish_takeover, uniq_harold, uniq_pikel
Lair:1:   layout_chaotic_city, basic_altar, uniq_nergalle
Lair:2:   layout_regular_city, elwin_shoals_entry_stream,
          spider_nest_entry_rubble, beast_lair_carwin_8,
          infiniplex_staircase_pool_2, uniq_fannar

Skill      XL: |  1  2  3  4  5  6  7  8  9 10 11 |
---------------+----------------------------------+-----
Fighting       | 4 5 6 8 9 10 | 10.0
Axes           | 3 4 5 6 7 9 11 12 14 15 | 15.3
Shields        | 4 5 7 10 12 13 | 13.2
Armour         | 4 |  4.8
Dodging        | 2 |  2.5

Action                   |  1- 3 |  4- 6 |  7- 9 | 10-12 || total
-------------------------+-------+-------+-------+-------++-------
Melee: War axe           |    45 |   111 |   295 |   270 ||   721
       Headbutt          |     6 |    15 |    51 |    66 ||   138
Invok: Berserk           |     1 |     1 |     7 |     3 ||    12
       Trog's Hand       |       |       |     3 |     5 ||     8
  Use: Scroll            |       |       |    13 |     2 ||    15
Armor: Scale mail        |    21 |    39 |    11 |       ||    71
       Plate armour      |       |       |   117 |   147 ||   264
Dodge: Dodged            |    13 |    53 |    55 |    49 ||   170
Block: Buckler           |    14 |    19 |    14 |       ||    47
       Kite shield       |       |       |   107 |   156 ||   263
